Map: Acolyte LE

Players

Juxtapose - Winner!

  • Race: Protoss Protoss
  • League: Silver
  • Spawn Location: 1:00

Karlinator

  • Race: Terran Terran
  • League: Bronze
  • Spawn Location: 7:00

VOD

https://youtu.be/IsJGKxkU6ZU

Description

I was actually quite surprised to be matched up against a Bronze League opponent for the first time ever in Ranked.

This was an interesting match as I didn't find it challenging, but I got to experiment with a little Warp Prism harassment. It's also always fun to break out Colossi.

I was also surprised by the match's result!

Time

  • Played on: July 29, 2017, 2:51 p.m.
  • Length: 12:06
Show
View Real Time Build Order
Export as new Build Order

Juxtapose Protoss - Winner!

Build Orders:  

Get SALT Encoding   

  12  0:01  Probe (Chrono Boost)  
  13  0:12  Probe (Chrono Boost)  
  14  0:25  Probe (Chrono Boost)  
  14  0:26  Pylon  
  15  0:44  Probe (Chrono Boost)  
  15  0:45  Gateway  
  16  0:55  Probe (Chrono Boost)  
  17  0:59  Pylon  
  17  1:05  Probe (Chrono Boost)  
  18  1:16  Assimilator, Probe (Chrono Boost)  
  19  1:23  Pylon  
  19  1:26  Probe (Chrono Boost)  
  20  1:36  Cybernetics Core  
  20  1:37  Probe (Chrono Boost)  
  20  1:38  Zealot  
  23  2:02  Assimilator  
  23  2:26  Nexus  
  23  2:31  Pylon  
  23  2:36  Mothership Core (Chrono Boost)  
  25  2:46  Pylon  
  25  2:56  Warp Gate (Chrono Boost)  
  25  3:02  Probe (Chrono Boost)  
  26  3:10  Twilight Council  
  26  3:13  Probe (Chrono Boost)  
  26  3:17  Gateway  
  27  3:21  Pylon  
  27  3:23  Probe (Chrono Boost)  
  28  3:39  Adept  
  30  3:44  Probe  
  30  3:46  Probe  
  32  3:52  Resonating Glaives (Chrono Boost)  
  32  3:55  Probe  
  32  3:58  Probe  
  32  4:02  Robotics Facility  
  34  4:06  Probe  
  35  4:10  Probe  
  36  4:19  Probe  
  37  4:30  Probe  
  36  4:35  Probe  
  38  4:40  Probe  
  39  4:46  Gateway  
  39  4:48  Probe  
  39  4:51  Probe  
  41  4:57  Observer  
  42  5:01  Probe  
  42  5:03  Probe  
  44  5:12  Adept x2  
  48  5:16  Probe x2  
  48  5:17  Warp Prism  
  52  5:21  Assimilator  
  52  5:25  Assimilator  
  52  5:27  Probe  
  53  5:38  Probe  
  54  5:48  Probe  
  54  5:50  Gateway  
  54  5:52  Adept x2, Pylon  
  54  5:54  Stalker, Immortal  
  65  6:14  Probe  
  66  6:19  Pylon  
  66  6:22  Pylon  
  66  6:24  Probe  
  66  6:26  Forge  
  66  6:30  Robotics Bay  
  66  6:32  Stalker x2  
  69  6:33  Immortal  
  69  6:35  Probe  
  76  6:59  Zealot x3  
  76  7:00  Zealot  
  84  7:12  Immortal  
  86  7:20  Sentry  
  86  7:21  Sentry  
  86  7:22  Adept x2  
  84  7:51  Extended Thermal Lance  
  84  7:52  Colossus  
  84  7:54  Nexus  
  84  7:56  Pylon  
  84  7:57  Protoss Ground Weapons Level 1  
  90  7:59  Pylon  
  90  8:02  Pylon  
  90  8:06  Sentry  
  92  8:24  Assimilator  
  92  8:25  Zealot x3  
  92  8:26  Assimilator  
  98  8:31  Zealot  
  92  8:46  Colossus (Chrono Boost)  
  98  9:03  Stalker x2  
  98  9:04  Stalker x2  
  106  9:26  Gateway  
  106  9:27  Probe  
  107  9:31  Robotics Facility  
  107  9:34  Colossus (Chrono Boost)  
  107  9:38  Probe  
  113  9:40  Probe  
  113  9:41  Probe  
  116  9:46  Adept  
  116  9:48  Probe  
  116  9:49  Adept x2  
  116  9:50  Adept  
  116  9:52  Protoss Ground Armor Level 1  
  125  10:04  Gravitic Drive  
  125  10:23  Observer (Chrono Boost)  
  132  10:32  Colossus (Chrono Boost)  
  132  10:37  Stalker x2  
  132  10:38  Stalker x2  
  140  10:48  Pylon  
  140  11:01  Observer Gravitic Boosters  
  140  11:02  Nexus  
  140  11:03  Pylon  
  140  11:06  Colossus (Chrono Boost)  
  140  11:07  Pylon  
  140  11:10  Pylon  
  146  11:22  Adept  
  146  11:23  Adept x2  
  146  11:24  Adept  
Show
View Real Time Build Order
Export as new Build Order

Karlinator Terran 

Build Orders: MMM Bio 

Get SALT Encoding   

  12  0:02  SCV  
  13  0:14  SCV  
  14  0:31  Supply Depot  
  14  0:54  Barracks  
  14  0:57  Supply Depot  
  14  1:18  Refinery  
  14  1:20  Refinery  
  14  1:21  SCV  
  15  1:33  SCV  
  15  1:36  Barracks  
  16  1:45  SCV  
  17  1:57  SCV  
  18  2:03  Marine  
  19  2:09  SCV  
  20  2:15  Bunker  
  20  2:21  Marine  
  22  2:24  Orbital Command  
  21  2:44  Barracks  
  21  2:49  Marine, Reaper  
  23  3:13  Barracks Tech Lab  
  23  3:28  Command Center  
  23  3:30  Barracks Tech Lab  
  23  3:34  Barracks Reactor  
  23  3:51  Marauder x2  
  27  3:56  SCV  
  28  4:08  SCV  
  28  4:39  Orbital Command  
  28  4:42  Stimpack  
  28  4:43  Combat Shields  
  28  4:48  Marauder x2, Marine x2  
  34  5:06  Marine  
  35  5:10  Engineering Bay  
  35  5:14  Engineering Bay  
  35  5:18  SCV  
  36  5:27  SCV  
  37  5:30  SCV  
  37  5:33  Marine  
  39  5:39  SCV  
  39  5:42  SCV  
  41  5:45  Marine  
  41  5:46  Marine x2  
  44  5:51  Marine  
  45  6:02  Concussive Shells, Missile Turret  
  45  6:03  Marine  
  46  6:06  Missile Turret  
  46  6:33  Supply Depot, Missile Turret  
  46  6:35  Supply Depot  
  46  6:43  Marauder  
  46  6:54  Marauder  
  46  6:55  Terran Infantry Weapons Level 1  
  46  6:56  Terran Infantry Armor Level 1  
  46  6:57  Missile Turret  
  48  7:05  Marauder  
  50  7:12  Factory  
  50  7:16  Marauder  
  50  7:20  Missile Turret, Barracks  
  52  7:26  Marauder  
  42  7:32  Marine  
  42  7:33  Marine  
  44  7:37  Marauder  
  46  7:47  Marauder  
  46  7:50  Marine  
  46  7:51  Marine  
  49  7:53  Bunker  
  49  7:58  Marine  
  50  7:59  Factory Reactor  
  50  8:01  Starport, Bunker  
  51  8:06  Armory  
  51  8:08  Marine  
  51  8:09  SCV  
  51  8:10  Refinery  
  51  8:11  Refinery  
  51  8:47  Missile Turret  
  51  9:03  SCV  
  51  9:08  Barracks Reactor, Missile Turret  
  78  9:10  Medivac x2  
  52  9:16  SCV  
  57  9:28  SCV  
  57  9:29  Missile Turret, Terran Infantry Weapons Level 2  
  58  9:31  Terran Infantry Armor Level 2  
  58  9:39  Medivac  
  58  9:40  SCV  
  58  9:42  Marine  
  62  9:51  Missile Turret  
  62  10:00  Supply Depot  
  62  10:03  Supply Depot  
  62  10:06  Supply Depot x2  
  62  10:19  Medivac, Marine x4, SCV  
  69  10:28  Factory Tech Lab  
  69  10:37  Factory  
  69  10:39  Marauder x2  
  73  10:56  Siege Tank  
  76  11:00  Marauder  
  76  11:01  Marauder  
  80  11:22  Marauder x2  
  84  11:28  Siege Tank  
Tags
 
Composition
MMM Bio
Matchup
PvT
Spawn Locations
Cross Positions
Add a new tag
Caveats
  • Supply blocks, unpowered buildings, or Contaminate may cause inaccurate times.
  • Supply counts are checked every 10 seconds.